 Dungeon Crawl Stone Soup version 0.31-a0-370-g25055926c8 (webtiles) character file.

Game seed: 2564422345081577390

47278 Impy the Mimic (level 14, 0/115 HPs)
             Began as a Demonspawn Shapeshifter on July 29, 2023.
             Was an Initiate of Gozag.
             Succumbed to poison (poison gas)
             ... on level 5 of the Lair of Beasts.
             The game lasted 00:46:56 (16876 turns).

Impy the Mimic (Demonspawn Shapeshifter)           Turns: 16876, Time: 00:46:57

Health: 0/115      AC:  9    Str: 20    XL:     14   Next: 8%
Magic:  14/14      EV: 17    Int: 10    God:    Gozag
Gold:   3820       SH:  0    Dex: 14    Spells: 13/13 levels left

rFire   . .          .
                       - Unarmed
rCold   . . .        (no shield)
rNeg    . . .        A - +4 leather armour of Imperfection {Rampage}
rPois   .            (helmet currently unavailable)
rElec   .            j - melded +1 cloak {rCorr}
rCorr   .            K - melded +1 pair of gloves {infuse}
SInv    +            (boots currently unavailable)
Will    +....        L - amulet of regeneration
Stlth   +            i - ring of see invisible
HPRegen 1.19/turn    u - +5 ring of evasion
MPRegen 0.28/turn

%: rampage
@: confused, lethally poisoned (0 -> -17), beast-form, ambrosia-drunk, gold
aura, very slow
A: beast (slay +7), horns 2, yellow scales 1, magic regeneration, demonic magic
2
a: Begin Untransformation, Renounce Religion, Potion Petition, Call Merchant,
Bribe Branch


You were on level 5 of the Lair of Beasts.
You worshipped Gozag.
Gozag was most pleased with you.
You were a hulking beast.
You visited 2 branches of the dungeon, and saw 17 of its levels.

You collected 4661 gold pieces.
You spent 214 gold pieces at shops.
You paid 627 gold pieces to Gozag.

Inventory:

Hand Weapons
 k - the +9 short sword of Harmony {speed, rElec rN+}
   (You found it on level 5 of the Dungeon)

   rElec:     It insulates you from electricity.
   rN:        It protects you from negative energy.
 D - the +8 whip "Snakebite" {venom, curare, rPois}
   (You found it on level 2 of the Lair of Beasts)

   rPois:     It protects you from poison.
Missiles
 z - 2 throwing nets
 I - 6 atropa-tipped darts (quivered)
Armour
 g - a +0 kite shield
 j - a +1 cloak of preservation (melded)
 l - a +2 robe of willpower
 A - the +4 leather armour of Imperfection (worn) {Rampage}
   (You found it on level 8 of the Dungeon)

   Rampage:   It bestows one free step when moving towards enemies.
 K - a +1 pair of gloves of infusion (melded)
Jewellery
 b - a +6 ring of intelligence
 i - a ring of see invisible (left hand)
 u - a +5 ring of evasion (right hand)
 v - a ring of positive energy
 w - an amulet of reflection
 L - an amulet of regeneration (around neck)
 N - an amulet of the acrobat
Talismans
 c - a beast talisman
 h - a storm talisman
 p - a maw talisman
Wands
 e - a wand of digging (13)
 r - a wand of mindburst (26)
 y - a wand of flame (40)
 F - a wand of iceblast (9)
Scrolls
 a - 2 scrolls of fog
 n - 3 scrolls of teleportation
 o - 7 scrolls of enchant weapon
 s - 2 scrolls of poison
 t - 2 scrolls of brand weapon
 x - 4 scrolls of identify
 G - 2 scrolls of revelation
Potions
 d - 5 potions of enlightenment
 f - 2 potions of cancellation
 m - 2 potions of mutation
 B - 3 potions of magic
 C - 7 potions of attraction
 E - a potion of brilliance


   Skills:
 - Level 12.0 Fighting
 - Level 1.7 Dodging
 - Level 12.0 Unarmed Combat
 + Level 14.1 Shapeshifting


You had 13 spell levels left.
You didn't know any spells.
Your spell library contained the following spells:

 Spells                   Type           Power      Damage    Failure   Level
 Kiss of Death            Conj/Necr      0%         2d5       41%         1
 Magic Dart               Conj           0%         1d3       41%         1
 Blink                    Tloc           0%         N/A       56%         2
 Call Imp                 Summ           0%         N/A       56%         2
 Lesser Beckoning         Tloc           0%         N/A       56%         2
 Momentum Strike          Conj/Tloc      0%         3d8       56%         2
 Confusing Touch          Hex            0%         N/A       80%         3
 Mephitic Cloud           Conj/Pois/Air  0%         N/A       80%         3
 Dispel Undead            Necr           0%         3d6       99%         4
 Spellforged Servitor     Conj/Summ      0%         N/A       100%        7
 Dragon's Call            Summ           0%         N/A       100%        9


Dungeon Overview and Level Annotations

Branches:
Dungeon (12/15)            Temple (0/1) D:6            Lair (5/5) D:9
  Swamp (0/4) Lair:3       Spider (0/4) Lair:3        Slime (0/5) Lair:4
    Orc (0/2) D:10

Altars:
Cheibriados
Fedhas
Gozag
Hepliaklqana
Kikubaaqudgha
Makhleb
Nemelex Xobeh
Okawaru
Qazlal
Sif Muna
Trog
Uskayaw
Wu Jian
Xom
Yredelemnul

Shops:
D:5 (   D:10 ([

Annotations:
D:3 exclusion: oklob plant
Lair:4 2 transporters, Duishro's ghost, journeyman DjFE


Innate Abilities, Weirdness & Mutations

You are a hulking beast.
Your limbs bulge with bestial killing power. (Slay +7)
You have a pair of horns on your head.
You are partially covered in yellow scales. (AC +2)
You regenerate magic rapidly.
Spells you cast may paralyse nearby enemies.


Message History

You punch the swamp dragon!
The swamp dragon is severely wounded.
You feel sick.
The swamp dragon breathes poison at you.
The blast of poison misses you.
You hit the swamp dragon but do no damage.
Your headbutt misses the swamp dragon.
The swamp dragon is severely wounded.
You are engulfed in poison gas.
You are more poisoned.
You feel very sick. The swamp dragon bites you! The swamp dragon claws you!
The swamp dragon misses you.
You punch the swamp dragon! You headbutt the swamp dragon!
The swamp dragon is almost dead.
You are engulfed in poison gas.
You are more poisoned.
You feel very sick. The swamp dragon bites you!
The swamp dragon closely misses you. The swamp dragon completely misses you.
You closely miss the swamp dragon. You headbutt the swamp dragon.
You kill the swamp dragon!
You now have 3820 gold pieces (gained 25).
You are engulfed in poison gas.
You are more poisoned.
You feel extremely sick.
You enter the shallow water.
Moving in this stuff is going to be slow.
You are engulfed in poison gas.
You are more poisoned.
* * * LOW HITPOINT WARNING * * *
You feel extremely sick.
You are engulfed in poison gas.
You are more poisoned.
* * * LOW HITPOINT WARNING * * *
x2 You feel extremely sick.
You are confused.
You feel invigorated.
* * * LOW HITPOINT WARNING * * *
You feel extremely sick.
You die...
Your body crumbles into a pile of gold.

♣♣♣♣♣♣♣♣♣♣ ♣.~~~~~..♣♣♣
.~≈≈≈≈≈....♣♣ ~≈≈≈≈≈≈~~~..♣
≈≈≈~≈≈~~.~P.♣ ≈~~○○.○♣.≈°°♣
~.P~~.♣≈♣°°~♣ ~≈ $
.$♣.♣♣♣♣♣≈≈°♣ ≈≈♣ $
?$♣♣♣♣≈♣h~○P♣ .≈~♣ $
♣♣♣~.♣~~~♣♣ ♣~~~♣
♣♣.~≈~~..♣♣ .(.. ....~♣
♣♣.~≈...♣♣♣ ..)..
♣...~♣♣♣..≈....♣.♣ .......
♣.♣~≈~..≈♣.♣♣♣..♣♣##.......
♣.....~.≈♣♣♣.....♣#........
♣♣....P~~.♣♣~.♣♣♣♣#........
♣♣..♣.P♣~.≈♣♣♣♣♣♣.........


There were no monsters in sight!

Vanquished Creatures
  Fannar (Lair:1)
  3 two-headed ogres
  A catoblepas (Lair:3)
  A boulder beetle (Lair:2)
  3 death yaks (Lair:2)
  A skyshark (Lair:2)
  The ghost of Olga the Trooper, a novice DjCA of Ignis (D:6)
  A swamp dragon (Lair:5)
  A bog body (Lair:3)
  A lindwurm (Lair:4)
  Pikel (D:5)
  2 manticores
  2 cyclopes (D:12)
  Joseph (D:9)
  20 elephants
  4 black mambas (Lair:2)
  A gargoyle (D:10)
  3 rime drakes
  11 cane toads
  An unseen horror (D:7)
  Psyche (D:9)
  8 komodo dragons
  A troll (D:12)
  Grinder (D:5)
  23 blink frogs
  11 dream sheep
  2 shadows
  4 wyverns
  19 yaks
  A wraith (D:12)
  5 basilisks
  4 steam dragons
  5 vampire mosquitoes
  3 acid dragons
  26 water moccasins
  An ice beast (D:7)
  A sky beast (D:7)
  8 orc warriors
  A black bear (Lair:2)
  An ogre (D:7)
  22 wolves
  3 centaurs
  2 phantoms
  A kobold brigand (D:11)
  13 bullfrogs
  A gnoll sergeant (D:8)
  A water moccasin zombie (D:4)
  11 wights
  4 howler monkeys
  23 killer bees
  2 electric eels (Lair:5)
  7 jellies
  3 hounds
  6 orc priests
  A sleepcap (D:6)
  Jessica (D:3)
  7 iguanas
  11 orc wizards
  2 hound zombies (D:4)
  Robin (D:4)
  13 adders
  16 gnolls
  A shadow imp (D:6)
  3 white imps
  4 ufetubi
  An adder zombie (D:4)
  A worm (D:3)
  The ghost of MrAu the Sneak, a weakling MiDe (D:5)
  4 dart slugs
  43 orcs
  5 endoplasms
  25 goblins
  15 hobgoblins
  16 kobolds
  5 quokkas
  6 ball pythons
  3 bats
  4 frilled lizards
  6 rats
480 creatures vanquished.

Notes
Turn   | Place    | Note
-------+----------+-------------------------------------------
     0 | D:1      | Impy the Demonspawn Shapeshifter began the quest for the
                  | Orb.
     0 | D:1      | Reached XP level 1. HP: 15/15 MP: 1/1
   211 | D:1      | Gained mutation: You are partially covered in yellow
                  | scales. (AC +2) [demonic ancestry]
   211 | D:1      | Reached XP level 2. HP: 21/21 MP: 2/2
   548 | D:1      | Reached XP level 3. HP: 17/26 MP: 3/3
  1435 | D:3      | Gained mutation: You have a pair of small horns on your
                  | head. [demonic ancestry]
  1435 | D:3      | Reached XP level 4. HP: 32/32 MP: 4/4
  1587 | D:3      | Found a hazy altar of Hepliaklqana.
  1660 | D:3      | Noticed Jessica
  1675 | D:3      | Killed Jessica
  1676 | D:3      | Reached skill level 5 in Unarmed Combat
  1780 | D:3      | Found a sparkling altar of Nemelex Xobeh.
  1878 | D:3      | Found a blossoming altar of Fedhas.
  1891 | D:3      | Noticed an oklob plant
  2332 | D:4      | Reached XP level 5. HP: 26/37 MP: 5/5
  2399 | D:4      | Found a basalt altar of Yredelemnul.
  2625 | D:4      | Reached XP level 6. HP: 43/43 MP: 6/6
  2755 | D:4      | Found an opulent altar of Gozag.
  2769 | D:4      | Became a worshipper of Gozag Ym Sagoz the Greedy
  2779 | D:4      | Noticed Robin
  2798 | D:4      | Killed Robin
  3438 | D:5      | Entered Level 5 of the Dungeon
  3473 | D:5      | Noticed Pikel
  3494 | D:5      | Killed Pikel
  3495 | D:5      | Gained mutation: Spells you cast may paralyse adjacent
                  | enemies. [demonic ancestry]
  3495 | D:5      | Reached XP level 7. HP: 48/48 MP: 7/7
  3599 | D:5      | Found a shimmering blue altar of Sif Muna.
  3602 | D:5      | Noticed Grinder
  3609 | D:5      | Killed Grinder
  3610 | D:5      | Reached XP level 8. HP: 34/54 MP: 8/8
  3931 | D:5      | Found a runed translucent door.
  3937 | D:5      | Noticed MrAu's ghost (weakling MiDe)
  3956 | D:5      | Killed MrAu's ghost
  4047 | D:5      | Identified the +9 short sword of Harmony {speed, rElec rN+}
  4208 | D:5      | Found a burning altar of Makhleb.
  4208 | D:5      | Found an ornate altar of the Wu Jian Council.
  4274 | D:5      | Found Tissonwa's Antique Weapon Shoppe.
  4683 | D:6      | Reached skill level 10 in Unarmed Combat
  4687 | D:6      | Found a runed translucent door.
  4689 | D:6      | Found a staircase to the Ecumenical Temple.
  4869 | D:6      | Noticed Olga's ghost (novice DjCA)
  5017 | D:6      | Killed Olga's ghost
  5018 | D:6      | Reached XP level 9. HP: 31/59 MP: 9/9
  5408 | D:6      | Reached skill level 3 in Shapeshifting
  5632 | D:7      | Reached skill level 4 in Shapeshifting
  5690 | D:7      | Got the Catalogue of Creation
  5934 | D:7      | Noticed an unseen horror
  5946 | D:7      | Killed an unseen horror
  6054 | D:7      | Found a snail-covered altar of Cheibriados.
  6056 | D:7      | Reached skill level 5 in Fighting
  6335 | D:8      | Identified the +4 leather armour of Imperfection {Rampage}
  6639 | D:8      | Gained mutation: Spells you cast may paralyse nearby
                  | enemies. [demonic ancestry]
  6639 | D:8      | Reached XP level 10. HP: 46/74 MP: 10/10
  6983 | D:8      | Noticed a two-headed ogre
  7007 | D:8      | Killed a two-headed ogre
  7596 | D:8      | Found a bloodstained altar of Trog.
  7679 | D:9      | Found an ancient bone altar of Kikubaaqudgha.
  7822 | D:9      | Noticed Joseph
  7833 | D:9      | Killed Joseph
  8115 | D:9      | Found an iron altar of Okawaru.
  8117 | D:9      | Noticed Psyche
  8175 | D:9      | Killed Psyche
  8207 | D:9      | Found a stormy altar of Qazlal.
  8333 | D:9      | Found a staircase to the Lair.
  8343 | D:9      | Found a shimmering altar of Xom.
  8419 | D:9      | Found a hide-covered altar of Uskayaw.
  8706 | D:10     | Entered Level 10 of the Dungeon
  8772 | D:10     | You fall into a shaft and drop 2 floors!
  8798 | D:12     | Reached skill level 10 in Fighting
  8926 | D:12     | Noticed a manticore
  8996 | D:11     | Noticed a two-headed ogre
  9004 | D:11     | Killed a two-headed ogre
  9005 | D:11     | Reached XP level 11. HP: 50/92 MP: 11/11
  9240 | D:11     | Noticed a two-headed ogre
  9255 | D:11     | Killed a two-headed ogre
 10284 | D:10     | Found Kachait's Weapon Boutique.
 10582 | D:10     | Found a staircase to the Orcish Mines.
 10583 | D:10     | Found Sutath's Armour Boutique.
 10591 | D:10     | Reached skill level 5 in Shapeshifting
 10611 | D:10     | Bought a +1 pair of gloves of infusion for 214 gold pieces
 11291 | D:12     | Reached skill level 6 in Shapeshifting
 11543 | D:12     | Noticed a skeletal warrior
 11543 | D:12     | Noticed a skeletal warrior
 11626 | Lair:1   | Entered Level 1 of the Lair of Beasts
 11686 | Lair:1   | Reached skill level 7 in Shapeshifting
 11956 | Lair:1   | You fall into a shaft and drop 1 floor!
 12054 | Lair:1   | Gained mutation: You regenerate magic rapidly. [demonic
                  | ancestry]
 12054 | Lair:1   | Reached XP level 12. HP: 27/102 MP: 12/12
 12395 | Lair:1   | Noticed Fannar
 12408 | Lair:1   | Killed Fannar
 12409 | Lair:1   | Reached skill level 8 in Shapeshifting
 12736 | Lair:2   | Reached skill level 9 in Shapeshifting
 12826 | Lair:2   | Noticed a boulder beetle
 12866 | Lair:2   | Killed a boulder beetle
 13201 | Lair:2   | Noticed a death yak
 13201 | Lair:2   | Noticed a death yak
 13223 | Lair:2   | Noticed a death yak
 13229 | Lair:2   | Killed a death yak
 13230 | Lair:2   | Reached skill level 10 in Shapeshifting
 13237 | Lair:2   | Killed a death yak
 13245 | Lair:2   | Killed a death yak
 13805 | Lair:2   | Reached skill level 11 in Shapeshifting
 13836 | Lair:2   | Gained mutation: You have a pair of horns on your head.
                  | [demonic ancestry]
 13836 | Lair:2   | Reached XP level 13. HP: 102/108 MP: 13/13
 13879 | Lair:2   | Found the +8 whip "Snakebite" {venom, curare, rPois}
 14689 | Lair:3   | Reached skill level 12 in Shapeshifting
 14712 | Lair:3   | Found a hole to the Spider Nest.
 14927 | Lair:3   | Found a staircase to the Swamp.
 15345 | Lair:4   | Noticed Duishro's ghost (journeyman DjFE)
 15362 | Lair:4   | Found a transporter.
 15400 | Lair:4   | Found a transporter.
 15523 | Lair:4   | HP: 5/108 [elephant (11)]
 15666 | Lair:4   | Found a staircase to the Slime Pits.
 15795 | Lair:5   | Entered Level 5 of the Lair of Beasts
 15840 | Lair:5   | Reached skill level 13 in Shapeshifting
 16606 | Lair:5   | Reached XP level 14. HP: 70/115 MP: 14/14
 16722 | Lair:5   | Reached skill level 14 in Shapeshifting
 16874 | Lair:5   | HP: 3/115 [poison (poison gas)]
 16875 | Lair:5   | HP: 1/115 [poison (poison gas)]
 16876 | Lair:5   | Succumbed to poison (poison gas)

Illustrated notes

Levels and vault maps discovered:
D:1:      dpeg_arrival_boxes_within_box, layout_rooms, minmay_pentomino_u2
D:2:      layout_basic, kennysheep_crisscross, kennysheep_potato
D:3:      layout_basic, nicolae_hepliaklqana_hazy_memory, tgw_fedhas,
          mainiacjoe_overflow_alcove_1, uniq_jessica
D:4:      layout_basic, nicolae_yredelemnul_corpse_copse,
          mainiacjoe_overflow_paths, uniq_robin
D:5:      layout_loops_ring, mainiacjoe_overflow_catch_the_wave,
          nicolae_overflow_two_pavilions, ebering_ghost_sewer_d, serial_shops,
          nicolae_shop_waterfront, uniq_pikel, uniq_grinder
D:6:      layout_rooms, minmay_temple_entry_junction,
          hellmonk_ghost_happy_afterlife
D:7:      layout_loops_ring, lemuel_round_altar, minmay_checkerbox
D:8:      corexii_shantytown, layout_rooms, mainiacjoe_overflow_alcove_2
D:9:      layout_stronghold, xom_teletrap_fun, okawaru_metal_pillars_1_2,
          nicolae_qazlal_style_of_elements, mainiacjoe_overflow_surrounded_room,
          kiku_gazebo_garden_becter, minmay_misc_feat_more_columns, uniq_joseph,
          uniq_psyche
D:10:     layout_long_grid, orc_david_3
D:11:     layout_loops_ring
D:12:     layout_cave_pools, kennysheep_pointless_box, nicolae_eternal_life
Lair:1:   layout_roguey, grunt_megastairs_4, uniq_fannar
Lair:2:   minmay_guarded_unrand_snakebite, layout_cave_pods,
          chequers_serial_rivers_small_b, grunt_forest_large_clearings,
          grunt_megastairs_3
Lair:3:   layout_chaotic_city, skrybe_swamp_entry_bodies, spider_nest_entry_webs
Lair:4:   layout_big_grid, nicolae_slime_entry_field_trip, nzn_ghost_randoct
Lair:5:   guppyfry_lair_end_dragon, layout_regular_city, wormcave,
          serial_bayou_shore_a, infiniplex_staircase_pool

Skill      XL: |  1  2  3  4  5  6  7  8  9 10 11 12 13 14 |
---------------+-------------------------------------------+-----
Unarmed Combat | 3 4 5 6 8 9 11 12 | 12.0
Shapeshifting  | 4 7 11 13 14 | 14.1
Fighting       | 5 10 12 | 12.0
Dodging        | |  1.7

Action                     |  1- 3 |  4- 6 |  7- 9 | 10-12 | 13-15 || total
---------------------------+-------+-------+-------+-------+-------++-------
  Melee: Unarmed           |    86 |   142 |   259 |   641 |   387 ||  1515
         Headbutt          |       |    22 |    38 |   132 |   109 ||   301
         Punch             |       |     1 |    14 |    48 |    43 ||   106
  Throw: Dart              |       |       |       |     6 |       ||     6
 Invoke: Potion Petition   |       |       |       |       |     1 ||     1
Ability: Begin Untransform |       |     1 |       |     1 |       ||     2
  Evoke: Wand              |       |       |     2 |     7 |     2 ||    11
    Use: Scroll            |     6 |     7 |     8 |     6 |       ||    27
         Potion            |       |     1 |     2 |     7 |     2 ||    12
   Stab: Sleeping          |     2 |     1 |       |       |     1 ||     4
         Distracted        |       |       |     2 |     4 |     1 ||     7
         Invisible         |       |       |       |     2 |       ||     2
         Petrified         |       |       |       |       |     1 ||     1
 Armour: Animal skin       |    18 |       |       |       |       ||    18
         Leather armour    |    10 |     9 |    10 |   111 |    79 ||   219
         Robe              |       |    28 |    45 |       |       ||    73
         Skin              |       |     5 |    12 |    10 |       ||    27
  Dodge: Dodged            |    44 |    56 |   110 |   267 |   238 ||   715
  Block: Other             |       |       |    33 |    52 |       ||    85
         Reflection        |       |       |     1 |     4 |       ||     5
   Form: Beast             |       |     1 |       |     2 |       ||     3
         Maw               |       |       |       |     1 |       ||     1

Table legend: (Time is in decaauts)
 A = Elapsed time spent in this place.
 B = Non-inter-level travel time spent in this place.
 C = Inter-level travel time spent in this place.
 D = Time resting spent in this place.
 E = Time spent auto-exploring this place.
 F = Levels seen in this place.
 G = Mean time per level.
                   A        B        C        D        E       F      G
               +--------+--------+--------+--------+--------+-----+--------+
         Total |  16567 |  16018 |    549 |    104 |  12557 |  17 |  974.5 |
       Dungeon |  11481 |  11049 |    432 |    102 |   8818 |  12 |  956.8 |
          Lair |   5086 |   4970 |    116 |      2 |   3739 |   5 | 1017.2 |
               +--------+--------+--------+--------+--------+-----+--------+

Top non-repeatable levels by time:
  Lair:2: 1512 daAuts
     D:8: 1311 daAuts
     D:5: 1204 daAuts
    D:11: 1179 daAuts
     D:4: 1116 daAuts
    D:10: 1114 daAuts
     D:9: 1075 daAuts
  Lair:5: 1060 daAuts
  Lair:3: 980 daAuts
  Lair:1: 968 daAuts
     D:3: 881 daAuts
     D:6: 825 daAuts
     D:2: 794 daAuts
     D:7: 782 daAuts
     D:1: 630 daAuts
